 Dungeon Crawl Stone Soup version 0.30.1-11-g7821555f0a (webtiles) character file.

Game seed: 4164718908860658087

45350 tbsd the Warrior (level 14, -4/130 HPs)
             Began as a Barachi Fighter on Dec 22, 2023.
             Was an Initiate of Yredelemnul.
             Slain by a naga warrior
             ... wielding a +0 flail
              (17 damage)
             ... while petrified by Jorgrun
             ... on level 1 of the Snake Pit.
             The game lasted 01:48:57 (15482 turns).

tbsd the Warrior (Barachi Fighter)                 Turns: 15482, Time: 01:49:01

Health: -4/130     AC: 23    Str: 23    XL:     14   Next: 32%
Magic:  14/14      EV: -1    Int:  9    God:    Yredelemnul [......]
Gold:   990        SH:  0    Dex: 17    Spells: 13/13 levels left

rFire   + + +        a - +1 war axe (vamp)
rCold   . . .        k - +2 buckler {AC+3}
rNeg    + + +        t - +3 ring mail of the Harvest {rPois rF+++ Regen+ Stlth-}
rPois   ∞            l - +2 hat
rElec   .            G - scarf {+Inv}
rCorr   .            (no gloves)
SInv    .            I - +2 pair of boots
Will    +....        i - amulet of regeneration Stlth
                     v - +6 ring of dexterity
HPRegen 2.01/turn    b - ring of poison resistance
MPRegen 0.14/turn

%: no passive effects
@: mighty, petrified, constricted, slow
A: amphibious, slowness 1, strong legs 2, +LOS, antennae 1, iridescent scales 2
a: Hop, Renounce Religion, Evoke Invisibility, Recall Undead Harvest


You were on level 1 of the Snake Pit.
You worshipped Yredelemnul.
Yredelemnul was noncommittal.
You visited 4 branches of the dungeon, and saw 16 of its levels.

You collected 990 gold pieces.

Inventory:

Hand Weapons
 a - a +1 vampiric war axe (weapon)
Missiles
 n - a silver boomerang (quivered)
 r - 2 boomerangs of dispersal
 M - 7 curare-tipped darts
Armour
 j - a +0 chain mail
 k - a +2 buckler of protection (worn)
 l - a +2 hat (worn)
 t - the +3 ring mail of the Harvest (worn) {rPois rF+++ Regen+ Stlth-}
   (You found it on level 3 of the Dungeon)

   rF:        It renders you almost immune to fire.
   rPois:     It protects you from poison.
   Regen:     It increases your rate of health regeneration.
   Stlth:     It makes you less stealthy.
 x - a +2 buckler
 z - an orb of light
 G - a scarf of invisibility (worn)
 H - the +6 scale mail "Folo Ygh" {Int+2}
   (You found it on level 2 of the Lair of Beasts)

   Int:       It affects your intelligence (+2).
 I - a +2 pair of boots (worn)
Jewellery
 b - a ring of poison resistance (right hand)
 i - an amulet of regeneration (around neck)
 m - a ring of willpower
 v - a +6 ring of dexterity (left hand)
 w - a ring of positive energy
 F - a ring of magical power
Wands
 p - a wand of roots (6)
 s - a wand of polymorph (3)
 y - a wand of mindburst (10)
 A - a wand of flame (22)
 B - a wand of acid (11)
Scrolls
 c - 6 scrolls of teleportation
 e - a scroll of magic mapping
 f - 5 scrolls of fog
 h - a scroll of immolation
 q - 3 scrolls of identify
 C - a scroll of amnesia
 D - 4 scrolls of silence
 E - a scroll of summoning
 J - a scroll of poison
Potions
 d - a potion of attraction
 g - 2 potions of flight
 o - 2 potions of brilliance
 u - a potion of might
 K - 3 potions of magic
 N - 2 potions of mutation


   Skills:
 + Level 18.0 Fighting
 + Level 17.0 Axes
 - Level 11.5 Armour
 - Level 7.0 Dodging
 - Level 5.0 Shields


You had 13 spell levels left.
You didn't know any spells.
Your spell library contained the following spells:

 Spells                   Type           Power      Damage    Failure   Level
 Apportation              Tloc           0%         N/A       56%         1
 Freeze                   Ice            0%         1d3       56%         1
 Sandblast                Erth           0%         2d4       56%         1
 Sting                    Tmut/Pois      0%         1d3       56%         1
 Cigotuvi's Dreadful Rot  Necr/Pois/Air  0%         N/A       71%         2
 Momentum Strike          Conj/Tloc      0%         3d8       71%         2
 Wereblood                Tmut           0%         N/A       71%         2
 Frozen Ramparts          Ice            0%         1d1       91%         3
 Hailstorm                Conj/Ice       0%         3d3       91%         3
 Ozocubu's Armour         Ice            0%         N/A       91%         3
 Animate Armour           Summ/Erth      0%         N/A       100%        4
 Dispel Undead            Necr           0%         3d6       100%        4
 Iskenderun's Mystic Bla  Conj/Tloc      0%         2d3       100%        4
 Alistair's Intoxication  Tmut/Pois      0%         N/A       100%        5
 Blade Hands              Tmut           0%         N/A       100%        5
 Metabolic Englaciation   Hex/Ice        0%         N/A       100%        5
 Iron Shot                Conj/Erth      0%         9d1       100%        6
 Death Channel            Necr           Unusable   N/A       N/A         6
 Simulacrum               Ice/Necr       Unusable   N/A       N/A         6

Dungeon Overview and Level Annotations

Branches:
Dungeon (9/15)             Temple (1/1) D:6            Lair (5/5) D:9
 Shoals (0/4) Lair:2        Snake (1/4) Lair:2        Slime (0/5) Lair:5
    Orc: D:9-12

Altars:
Ashenzari
Cheibriados
Dithmenos
Elyvilon
Fedhas
Gozag
Hepliaklqana
Kikubaaqudgha
Makhleb
Nemelex Xobeh
Okawaru
Ru
Sif Muna
Trog
Vehumet
Wu Jian
Xom
Yredelemnul
Zin
The Shining One
Jiyva
Lugonu

Portals:
Abyss: Lair:5

Annotations:
D:5 1 runed translucent door
Snake:1 1 runed translucent door, Agnes; Jorgrun; Tuffe's ghost, adept FoFi


Innate Abilities, Weirdness & Mutations

You are amphibious.
You cover ground slowly.
You can hop long distances.
You have an extended range of vision and can be seen from far away.
You have a pair of small antennae on your head.
You are mostly covered in iridescent scales. (AC +4)


Message History

The naga warrior hits you with a +0 short sword!
The naga warrior constricts you.
The naga mage hits you from afar with a +0 halberd.
Jorgrun closely misses you.
The salamander hits you from afar with a +0 halberd!
You are engulfed in flames.
You resist.
A naga comes into view. It is wielding a +0 trident.
The naga warrior roars a battlecry!
The naga goes into a battle-frenzy!
The naga mage hits you but does no damage.
You block the naga warrior's attack. The naga warrior constricts you.
Your limbs are stiffening.
You hit Jorgrun but do no damage.
Jorgrun is heavily wounded.
You slash the naga warrior!
You feel better.
The salamander hits you from afar with a +0 halberd!
You are engulfed in flames.
You resist.
The naga mage hits you from afar with a +0 halberd.
Jorgrun casts a spell at you.
Your limbs have turned to stone.
The naga warrior hits you with a +0 short sword!!
* * * LOW HITPOINT WARNING * * *
The naga warrior constricts you.
* * * LOW HITPOINT WARNING * * *
You have turned to stone.
The naga mage hits you but does no damage.
The salamander hits you from afar with a +0 halberd!
* * * LOW HITPOINT WARNING * * *
You are engulfed in flames.
You resist.
Jorgrun hits you with a +0 heavy quarterstaff.
* * * LOW HITPOINT WARNING * * *
Agnes the Wanderer comes into view.
She is wielding a +4 antimagic lajatang.
The naga warrior hits you with a +0 short sword.
* * * LOW HITPOINT WARNING * * *
The naga warrior constricts you.
The naga mage hits you from afar with a +0 halberd!
* * * LOW HITPOINT WARNING * * *
The naga warrior hits you with a +0 flail!!
You die...
Your body rises from the dead as a mindless zombie.

#.i# #..#
#..# #..#
##..# ..
#...## ...
##....##$...
#....N.....#
##..@gN.....#
#..NZNS...N..
#...##....#..
#...# .!.##
##..# ..#
#.## ..# #.#
.# #.## .#
##..# #


You could see Jorgrun (ally target), Agnes (wandering), 2 naga warriors, a
salamander (strong), a black mamba, a naga mage (fast, strong), a naga (strong)
and a friendly naga zombie.

Vanquished Creatures
  A hydra (Lair:4)
  A boulder beetle (Lair:2)
  A naga sharpshooter (Snake:1)
  5 death yaks
  2 thrashing horrors (Lair:5)
  A skyshark (Lair:3)
  A lindwurm (Lair:2)
  An ugly thing (Lair:5)
  4 black mambas
  A torpor snail (Lair:5)
  7 cane toads
  3 smoke demons (Lair:5)
  Psyche (D:8)
  A komodo dragon (Lair:2)
  2 rime drakes (Lair:4)
  2 ancient zymes (Lair:5)
  3 polar bears
  13 blink frogs
  6 dream sheep (Lair:3)
  2 ynoxinuls (Lair:5)
  A spriggan (Lair:5)
  A slime creature (Lair:5)
  6 wyverns
  The ghost of Peloso the Covered, an amateur MiFi (D:5)
  26 yaks
  A basilisk (Lair:3)
  3 steam dragons
  2 chaos spawn (Lair:5)
  4 nagas
  An acid dragon (D:6)
  13 water moccasins
  2 sky beasts
  2 black bears
  2 orc warriors
  7 wolves
  2 ogres (D:7)
  2 elephant zombies (Lair:3)
  5 centaurs
  13 small abominations (Lair:5)
  2 kobold brigands
  A komodo dragon zombie (Lair:3)
  10 bullfrogs
  3 gnoll sergeants
  3 scorpions
  6 wights (D:8)
  2 killer bees (D:7)
  2 electric eels (Lair:3)
  A howler monkey (D:8)
  A crimson imp (D:8)
  6 hounds
  2 jellies (D:5)
  A gnoll bouda (D:5)
  2 iguanas
  An orc wizard (D:4)
  5 hell rats (Lair:2)
  19 gnolls
  8 adders
  2 river rats (D:5)
  2 white imps
  An ufetubus (D:5)
  A worm (D:5)
  2 dart slugs
  19 orcs
  8 ball pythons
  9 bats
  12 endoplasms
  3 giant cockroaches
  8 goblins
  6 hobgoblins
  2 jackals (D:2)
  7 quokkas
  3 frilled lizards (D:2)
  16 kobolds
  11 rats
  A butterfly (D:6)
340 creatures vanquished.

Vanquished Creatures (collateral kills)
  2 hydras
  2 death yaks (Lair:5)
  A thrashing horror (Lair:5)
  A skyshark (Lair:5)
  Sonja (Lair:4)
  A necromancer (Lair:3)
  A smoke demon (Lair:5)
  2 black mambas
  2 cane toads
  5 komodo dragons
  A rime drake (Lair:2)
  10 blink frogs
  2 slime creatures (Lair:5)
  A spriggan (Lair:5)
  14 yaks
  A small abomination (Lair:5)
  2 wyverns (Lair:1)
  3 basilisks
  2 large abominations (Lair:5)
  4 water moccasins
  A wolf (Lair:3)
  2 centaurs (Lair:2)
  A kobold brigand (D:7)
  3 bullfrogs
  A scorpion (D:7)
  A killer bee (D:7)
  2 electric eels (Lair:3)
  A basilisk zombie (Lair:3)
  2 hell rats (Lair:2)
  5 kobolds (D:7)
77 creatures vanquished.

Vanquished Creatures (others)
  A death yak zombie (Lair:5)
  A black mamba zombie (Snake:1)
  A slime creature zombie (Lair:5)
  2 yaks
  A cane toad zombie (Lair:5)
  A spectral smoke demon (Lair:5)
  A dream sheep zombie (Lair:3)
  5 blink frog zombies (Lair:5)
  A rime drake zombie (Lair:4)
  A kobold brigand (D:8)
  A wyvern zombie (Lair:1)
  A komodo dragon zombie (Lair:5)
  7 water moccasin zombies
  8 yak zombies
  A human zombie (D:8)
  A polar bear zombie (Lair:5)
  4 wolf zombies
  A centaur zombie (Lair:2)
  3 bullfrog zombies
  2 killer bee zombies (D:7)
  2 hell rat zombies (Lair:2)
  A spectral crimson imp (D:8)
  An orc (D:3)
  3 gnoll zombies (D:8)
  A quokka (D:4)
  2 kobold zombies (D:7)
  2 orc zombies (D:8)
56 creatures vanquished.

Grand Total: 473 creatures vanquished

Notes
Turn   | Place    | Note
-------+----------+-------------------------------------------
     0 | D:1      | tbsd the Barachi Fighter began the quest for the Orb.
     0 | D:1      | Reached XP level 1. HP: 18/18 MP: 1/1
    40 | D:1      | Reached XP level 2. HP: 23/25 MP: 2/2
   283 | D:1      | Reached skill level 4 in Fighting
   418 | D:1      | Reached XP level 3. HP: 30/30 MP: 3/3
   925 | D:2      | Reached skill level 5 in Fighting
   925 | D:2      | Reached XP level 4. HP: 26/39 MP: 4/4
  1154 | D:2      | You fall into a shaft and drop 2 floors!
  1158 | D:4      | Noticed a steam dragon
  1167 | D:4      | Killed a steam dragon
  1168 | D:4      | Reached skill level 7 in Fighting
  1168 | D:4      | Reached XP level 5. HP: 33/48 MP: 5/5
  1177 | D:4      | Reached XP level 6. HP: 35/55 MP: 6/6
  1183 | D:4      | Noticed a water moccasin
  1187 | D:4      | Gained mutation: Your muscles are strong. (Str +4, Int/Dex
                  | -1) [potion of mutation]
  1187 | D:4      | Gained mutation: You are somewhat resistant to further
                  | mutation. [potion of mutation]
  1197 | D:4      | Killed a water moccasin
  1198 | D:4      | Reached skill level 8 in Fighting
  1401 | D:4      | Reached XP level 7. HP: 33/63 MP: 7/7
  1405 | D:4      | Reached skill level 9 in Fighting
  1644 | D:4      | HP: 3/64 [orc warrior/+0 dire flail (5)]
  1645 | D:4      | HP: 1/64 [orc warrior/+0 dire flail (10)]
  1851 | D:4      | Found a bloodstained altar of Trog.
  1868 | D:4      | Found a shimmering blue altar of Sif Muna.
  1873 | D:4      | Got Sif Muna's Atlas of the Amorphous Fault
  2163 | D:3      | Found a faded altar of an unknown god.
  2250 | D:3      | Found a white marble altar of Elyvilon.
  2262 | D:3      | Identified the +3 ring mail of the Harvest {rPois rF+++
                  | Regen+ Stlth-}
  3068 | D:5      | Entered Level 5 of the Dungeon
  3232 | D:5      | Found a radiant altar of Vehumet.
  3347 | D:5      | Reached XP level 8. HP: 41/72 MP: 8/8
  3412 | D:5      | Reached skill level 5 in Armour
  3650 | D:5      | Found a runed translucent door.
  3651 | D:5      | Noticed Peloso's ghost (amateur MiFi)
  3685 | D:5      | Found a runed translucent door.
  3729 | D:5      | Killed Peloso's ghost
  3730 | D:5      | Reached skill level 5 in Axes
  4108 | D:5      | Lost mutation: You are somewhat resistant to further
                  | mutation. [potion of mutation]
  4108 | D:5      | Lost mutation: Your muscles are strong. (Str +4, Int/Dex
                  | -1) [potion of mutation]
  4108 | D:5      | Gained mutation: Your spells are a little easier to cast,
                  | but a little less powerful. [potion of mutation]
  4109 | D:5      | Lost mutation: Your spells are a little easier to cast, but
                  | a little less powerful. [potion of mutation]
  4109 | D:5      | Gained mutation: Your mind is acute. (Int +4, Str/Dex -1)
                  | [potion of mutation]
  4109 | D:5      | Gained mutation: You have a pair of small antennae on your
                  | head. [potion of mutation]
  4109 | D:5      | Gained mutation: Your body sometimes deteriorates upon
                  | taking damage. [potion of mutation]
  4109 | D:5      | Gained mutation: You have an increased reservoir of magic.
                  | (+10% MP) [potion of mutation]
  4467 | D:6      | Reached XP level 9. HP: 52/78 MP: 9/9
  4798 | D:6      | Identified the +0 ring mail of Supple Strength {Harm Regen+
                  | Str-3 Int+2}
  4808 | D:6      | Found a staircase to the Ecumenical Temple.
  5081 | Temple   | Entered the Ecumenical Temple
  5301 | D:3      | Prayed at the altar of an unknown god.
  5301 | D:3      | Became a worshipper of Yredelemnul the Dark
  5301 | D:3      | Reached * piety under Yredelemnul
  5487 | D:7      | Reached ** piety under Yredelemnul
  5526 | D:7      | Reached *** piety under Yredelemnul
  5743 | D:7      | Reached **** piety under Yredelemnul
  5776 | D:7      | Found a sparkling altar of Nemelex Xobeh.
  5930 | D:8      | Found a burning altar of Makhleb.
  5995 | D:8      | Noticed Psyche
  6013 | D:8      | Killed Psyche
  6097 | D:8      | Reached XP level 10. HP: 80/85 MP: 11/11
  6098 | D:8      | Reached skill level 10 in Axes
  6099 | D:8      | Your ally Psyche died
  6253 | D:8      | Reached skill level 10 in Armour
  6357 | D:8      | Reached ***** piety under Yredelemnul
  6358 | D:8      | Reached ****** piety under Yredelemnul
  6465 | D:8      | Found a blossoming altar of Fedhas.
  6782 | D:8      | Got the Vellum of the Planar Gestalt
  6863 | D:9      | Found an iron altar of Okawaru.
  6908 | D:9      | Found a staircase to the Lair.
  7142 | D:9      | Found an ornate altar of the Wu Jian Council.
  7410 | Lair:1   | Entered Level 1 of the Lair of Beasts
  7488 | Lair:1   | Reached skill level 10 in Fighting
  7545 | Lair:1   | Noticed a black mamba
  7553 | Lair:1   | Killed a black mamba
  7554 | Lair:1   | Reached XP level 11. HP: 61/91 MP: 12/12
  7970 | Lair:1   | Lost mutation: Your mind is acute. (Int +4, Str/Dex -1)
                  | [potion of mutation]
  7970 | Lair:1   | Lost mutation: Your body sometimes deteriorates upon taking
                  | damage. [potion of mutation]
  7970 | Lair:1   | Gained mutation: You are partially covered in iridescent
                  | scales. (AC +2) [potion of mutation]
  7970 | Lair:1   | Lost mutation: You have an increased reservoir of magic.
                  | (+10% MP) [potion of mutation]
  7970 | Lair:1   | Gained mutation: You are mostly covered in iridescent
                  | scales. (AC +4) [potion of mutation]
  8236 | Lair:2   | Noticed a death yak
  8236 | Lair:2   | Noticed a death yak
  8236 | Lair:2   | Noticed a death yak
  8237 | Lair:2   | Noticed a death yak
  8391 | Lair:2   | Noticed a boulder beetle
  8406 | Lair:2   | Reached skill level 11 in Fighting
  8420 | Lair:2   | Found a staircase to the Snake Pit.
  8440 | Lair:2   | Killed a boulder beetle
  8496 | Lair:2   | Noticed a lindwurm
  8506 | Lair:2   | Killed a lindwurm
  8549 | Lair:2   | Killed a death yak
  8564 | Lair:2   | Killed a death yak
  8580 | Lair:2   | Killed a death yak
  8581 | Lair:2   | Reached skill level 15 in Axes
  8592 | Lair:2   | Killed a death yak
  8593 | Lair:2   | Reached XP level 12. HP: 98/102 MP: 12/12
  8642 | Lair:2   | Reached skill level 12 in Fighting
  8747 | Lair:2   | Found a staircase to the Shoals.
  9083 | Lair:2   | Noticed a four-headed hydra
  9163 | Lair:2   | Killed a nine-headed hydra
  9421 | Lair:2   | Reached skill level 13 in Fighting
  9568 | Lair:3   | Reached skill level 1 in Dodging
  9828 | Lair:3   | Reached skill level 14 in Fighting
  9828 | Lair:3   | Reached skill level 5 in Shields
  9891 | Lair:3   | Gained mutation: You can hop long distances. [Barachi
                  | growth]
  9891 | Lair:3   | Reached XP level 13. HP: 113/113 MP: 13/13
 10787 | Lair:2   | Identified the +6 scale mail "Folo Ygh" {Int+2}
 10832 | Lair:2   | Identified the +6 leather armour of Hangman {rPois}
 11977 | D:6      | Found a staircase to the Ecumenical Temple.
 12602 | Lair:4   | Reached skill level 15 in Fighting
 12939 | Lair:4   | Noticed Sonja
 12961 | Lair:4   | Killed Sonja
 13306 | Lair:4   | HP: 3/116 [ten-headed hydra (10)]
 13426 | Lair:5   | Entered Level 5 of the Lair of Beasts
 13529 | Lair:5   | Reached skill level 5 in Dodging
 13692 | Lair:5   | Reached skill level 16 in Fighting
 13822 | Lair:5   | Found a viscous altar of Jiyva.
 13822 | Lair:5   | Found a staircase to the Slime Pits.
 14254 | Lair:5   | Reached XP level 14. HP: 100/126 MP: 14/14
 14256 | Lair:5   | Reached skill level 17 in Fighting
 14550 | Lair:5   | Found a corrupted altar of Lugonu.
 14550 | Lair:5   | Found a one-way gate to the infinite horrors of the Abyss.
 15231 | Snake:1  | Entered Level 1 of the Snake Pit
 15245 | Snake:1  | Found a runed translucent door.
 15331 | Snake:1  | Reached skill level 18 in Fighting
 15435 | Snake:1  | Noticed Tuffe's ghost (adept FoFi)
 15459 | Snake:1  | Noticed Jorgrun
 15482 | Snake:1  | Noticed Agnes
 15482 | Snake:1  | Slain by a naga warrior

Illustrated notes

Levels and vault maps discovered:
D:1:      onia_arrival_handbag, layout_loops_ring, minmay_tromino_v4_b
D:2:      minmay_alternating_diamond, layout_basic
D:3:      layout_basic, elyvilon_altar_4, ebering_ecumenical_altar_rust
D:4:      cheibrodos_barr_body, layout_basic,
          nzn_overflow_gifts_of_might_and_magic
D:5:      layout_loops_corners, nicolae_vehumet_altar_sigil,
          ebering_ghost_sewer_f, amcnicky_mini_rare_corridor_liquid,
          serial_park_tiny_2, chequers_serial_rivers_room_b
D:6:      nicolae_cairo_tiling_large, layout_basic,
          minmay_temple_entry_butterflies, minmay_misc_feat_alley
D:7:      layout_basic, mainiacjoe_overflow_concentric_impassable,
          kennysheep_small_spiral
D:8:      layout_loops_ring, makhleb_grotto_becter,
          fedhas_bush_and_centaur_altar, wad_rectangle_vault, uniq_psyche
D:9:      layout_small_grid, okawaru_ov_weapons_minmay, general_overflow_altar,
          lair_entry_dummy
Temple:   minmay_temple_curvy_loop
Lair:1:   layout_regular_city, grunt_megastairs_2
Lair:2:   nzn_winding_woodlands_three_and_one
          [nzn_winding_woodlands_5x15_jagged,
          nzn_winding_woodlands_5x15_default,
          nzn_winding_woodlands_5x15_longhouse,
          nzn_winding_woodlands_center_diamonds], layout_regular_city,
          minmay_shoals_entry_centaurs, minmay_snake_entry_guardpost_small
Lair:3:   pond_and_an_island_with_a_cottage, layout_chaotic_city,
          patterned_corridor
Lair:4:   layout_small_grid, serial_bayou_shore_b, uniq_sonja
Lair:5:   hellmonk_lair_end_abyssal_woods, layout_hall_layers,
          minmay_slime_entry_pillars, grunt_megastairs_5
Snake:1:  layout_layer_cave, ebering_ghost_reflecting_pool,
          portal_ice_cave_entry_ugly_swarm, serial_bayou_shore_b, uniq_agnes,
          uniq_jorgrun

Skill      XL: |  1  2  3  4  5  6  7  8  9 10 11 12 13 14 |
---------------+-------------------------------------------+-----
Armour         | 4 7 9 10 11 | 11.5
Fighting       | 4 5 7 8 9 10 11 14 16 18 | 18.0
Axes           | 3 6 9 12 15 16 17 | 17.0
Dodging        | 3 7 |  7.0
Shields        | 5 |  5.0

Action                     |  1- 3 |  4- 6 |  7- 9 | 10-12 | 13-15 || total
---------------------------+-------+-------+-------+-------+-------++-------
  Melee: War axe           |   100 |    80 |   390 |   625 |   473 ||  1668
         Unarmed           |       |       |    10 |       |       ||    10
  Throw: Boomerang         |       |       |       |    10 |     1 ||    11
 Invoke: Recall Undead Har |       |       |     1 |       |       ||     1
  Evoke: Wand              |       |       |     1 |     2 |    14 ||    17
    Use: Potion            |       |     6 |     9 |     1 |     5 ||    21
         Scroll            |       |       |    10 |     1 |     8 ||    19
   Stab: Distracted        |       |       |     1 |     3 |     5 ||     9
         Invisible         |       |       |       |       |     2 ||     2
 Armour: Scale mail        |    64 |    81 |    32 |       |       ||   177
         Ring mail         |       |       |   248 |   233 |   264 ||   745
         Chain mail        |       |       |    12 |       |       ||    12
         Skin              |       |       |     3 |       |       ||     3
  Dodge: Dodged            |    63 |    57 |   257 |   232 |   234 ||   843
  Block: Buckler           |    27 |    34 |   154 |   165 |   180 ||   560
